 Dungeon Crawl Stone Soup version 0.29-a0-993-g4a18f31a58 (webtiles) character file.

Game seed: 3423152741147974547

18294 frimble the Slicer (level 12, -1/98 HPs)
             Began as a Demonspawn Earth Elementalist on Aug 3, 2022.
             Was a High Priest of Cheibriados.
             Slain by a white ugly thing (16 damage)
             ... on level 13 of the Dungeon.
             The game lasted 00:21:37 (15397 turns).

frimble the Slicer (Demonspawn Earth Elementalist) Turns: 15397, Time: 00:21:38

Health: -1/98      AC: 19    Str: 23    XL:     12   Next: 26%
Magic:  15/15      EV: 17    Int: 31    God:    Cheibriados [*****.]
Gold:   330        SH:  5    Dex: 26    Spells: 6/15 levels left

rFire   . . .      SeeInvis +   a - +5 quick blade (protect)
rCold   . . .      Faith    .   (no shield)
rNeg    . . .      Spirit   .   M - +0 troll leather armour
rPois   +          Reflect  +   (helmet restricted)
rElec   .          Harm     .   E - +0 cloak
rCorr   .          Rampage  .   x - +1 pair of gloves
Will    .....                   d - +3 pair of boots of Infinity {Fly Str+3 SInv}
Stlth   ++++......              u - amulet of reflection
HPRegen 1.06/turn               w - ring of poison resistance
MPRegen 0.14/turn               (no ring)

@: under a protective aura, flying, very slow
A: horns 2, rugged brown scales 1, demonic guardian 1, foul stench 3
a: Renounce Religion, Bend Time, Temporal Distortion, Slouch, Step From Time


You were on level 13 of the Dungeon.
You worshipped Cheibriados.
Cheibriados was extremely pleased with you.
You visited 2 branches of the dungeon, and saw 14 of its levels.
You also visited: Ossuary.

You collected 681 gold pieces.
You spent 351 gold pieces at shops.

Inventory:

Hand Weapons
 a - a +5 quick blade of protection (weapon)
 c - a +0 spectral dagger
Missiles
 y - 7 javelins
 G - 4 throwing nets
Armour
 d - the +3 pair of boots of Infinity (worn) {Fly Str+3 SInv}
   (You acquired it on level 2 of the Dungeon)

   Str:       It affects your strength (+3).
   SInv:      It lets you see invisible.
   Fly:       It grants you flight.
 p - a +1 scale mail of willpower
 x - a +1 pair of gloves (worn)
 E - a +0 cloak (worn)
 M - a +0 troll leather armour (worn)
Jewellery
 u - an amulet of reflection (around neck)
 w - a ring of poison resistance (left hand)
 K - a ring of fire
Wands
 s - a wand of flame (15)
 C - a wand of iceblast (2)
 H - a wand of quicksilver (2)
 J - a wand of paralysis (8)
Scrolls
 e - 6 scrolls of teleportation
 h - 4 scrolls of vulnerability
 k - 7 scrolls of poison
 o - a scroll of immolation
 r - a scroll of butterflies
 t - a scroll of fear
 F - a scroll of enchant armour
 I - a scroll of identify
Potions
 b - 3 potions of magic
 f - 3 potions of ambrosia
 g - 3 potions of cancellation
 i - 4 potions of haste
 j - 3 potions of invisibility
 l - 3 potions of mutation {unknown}
 m - 5 potions of flight {unknown}
 n - 5 potions of brilliance {unknown}
 q - 3 potions of heal wounds
 v - a potion of attraction {unknown}
 z - a potion of might
 B - 2 potions of curing
 D - a potion of resistance {unknown}


   Skills:
 + Level 9.4 Fighting
 - Level 10.0 Short Blades
 - Level 6.0 Dodging
 - Level 6.0 Stealth
 - Level 2.0 Spellcasting
 - Level 4.7 Transmutations
 - Level 7.1 Ice Magic
 - Level 5.8 Earth Magic
 - Level 4.2 Evocations


You had 6 spell levels left.
You knew the following spells:

 Your Spells              Type           Power      Damage    Failure   Level
a - Sandblast             Erth           78%        2d17      1%          1
b - Frozen Ramparts       Ice            94%        1d17      1%          3
c - Apportation           Tloc           6%         N/A       9%          1
d - Passwall              Tmut/Erth      30%        N/A       1%          2
e - Blink                 Tloc           6%         N/A       13%         2

Your spell library contained the following spells:

 Spells                   Type           Power      Damage    Failure   Level
 Freeze                   Ice            100%       1d11      1%          1
 Stone Arrow              Conj/Erth      42%        3d9       8%          3
 Shock                    Conj/Air       12%        1d3       9%          1
 Petrify                  Tmut/Erth      36%        N/A       10%         4
 Hailstorm                Conj/Ice       25%        3d7       21%         4
 Gell's Gravitas          Tloc           3%         N/A       26%         3
 Lesser Beckoning         Tloc           3%         N/A       26%         3
 Swiftness                Air            3%         N/A       26%         3
 Teleport Other           Tloc           3%         N/A       26%         3
 Animate Armour           Summ/Erth      42%        N/A       26%         4
 Airstrike                Air            1%         2d(1-17)  63%         4
 Alistair's Intoxication  Tmut/Pois      11%        N/A       65%         5
 Fireball                 Conj/Fire      1%         3d3       93%         5
 Iskenderun's Battlesphe  Conj           3%         2d6       93%         5
 Manifold Assault         Tloc           3%         N/A       93%         5
 Conjure Ball Lightning   Conj/Air       1%         3x3d6     100%        6
 Orb of Destruction       Conj           1%         9d5       100%        7
 Storm Form               Tmut/Air       8%         N/A       100%        7
 Lehudib's Crystal Spear  Conj/Erth      10%        10d4      100%        8


Dungeon Overview and Level Annotations

Branches:
Dungeon (13/15)            Temple (1/1) D:6             Orc (0/2) D:10
Ossuary (visited)
   Lair: D:8-11      Vaults: D:13-14

Altars:
Ashenzari
Cheibriados
Hepliaklqana
Makhleb
Nemelex Xobeh
Okawaru
Qazlal
Ru
Sif Muna
Trog
Xom

Shops:
D:1 (   D:8 !


Innate Abilities, Weirdness & Mutations

You have a pair of horns on your head.
You are partially covered in rugged brown scales. (AC +1, +3% HP)
A weak demonic guardian rushes to your aid.
You frequently emit foul miasma when damaged in melee.


Message History

You barely miss the white ugly thing. You headbutt the white ugly thing!
The white ugly thing is moderately wounded.
The white ugly thing barely misses you.
You hit the white ugly thing.
The white ugly thing is moderately wounded.
You barely miss the white ugly thing.
The white ugly thing is moderately wounded.
You hit the white ugly thing.
The white ugly thing is moderately wounded.
The white ugly thing closely misses you.
You hit the white ugly thing.
The white ugly thing is heavily wounded.
You hit the white ugly thing.
The white ugly thing is heavily wounded.
You hit the white ugly thing.
The white ugly thing is heavily wounded.
You hit the white ugly thing.
The white ugly thing is heavily wounded.
The white ugly thing trunk-slaps you! The white ugly thing freezes you!!
* * * LOW HITPOINT WARNING * * *
You puncture the white ugly thing!
Your headbutt misses the white ugly thing.
The white ugly thing is severely wounded.
You puncture the white ugly thing!
The white ugly thing is almost dead.
You hit the white ugly thing.
The white ugly thing is almost dead.
You block the white ugly thing's attack.
You hit the white ugly thing.
Your headbutt misses the white ugly thing.
The white ugly thing is almost dead.
You closely miss the white ugly thing. You headbutt the white ugly thing.
The white ugly thing is almost dead.
You hit the white ugly thing but do no damage.
You headbutt the white ugly thing, but do no damage.
The white ugly thing is almost dead.
The white ugly thing trunk-slaps you!
* * * LOW HITPOINT WARNING * * *
A demonic guardian appears!
The white ugly thing freezes you!
You die...

### .># #.# ###
#########.## ..#
###........u.#
..####.......).)@.#
..##...#.......)..#
..##.###.....).).5#
.....# #..........#
..#### #..........#
..# #..........#
..# #..........#
### ######.#####
#..


You could see a white ugly thing (ally target) and a friendly iron imp
(summoned).

Vanquished Creatures
  Josephine (D:10)
  2 boulder beetles (D:12)
  A centaur warrior (D:12)
  4 two-headed ogres
  Urug (D:13)
  Nergalle (D:10)
  Pikel (D:9)
  An ugly thing (D:11)
  2 cyclopes
  2 manticores (D:12)
  Joseph (D:10)
  A komodo dragon (D:12)
  2 kobold demonologists (D:12)
  2 trolls (D:12)
  A meliai (shapeshifter) (D:13)
  5 wraiths
  20 yaks
  4 vampire mosquitoes (D:10)
  3 steam dragons (D:7)
  An acid dragon (D:12)
  3 orc warriors
  An ice beast (D:7)
  A black bear (D:5)
  2 centaurs
  A lemure (D:9)
  3 phantoms
  2 elf zombies (Ossuary)
  A kobold brigand (D:8)
  3 scorpions
  2 gnoll sergeants (D:9)
  3 wights (D:7)
  11 killer bees
  3 electric eels (D:6)
  4 howler monkeys
  2 centaur zombies (Ossuary)
  3 jellies
  3 human zombies (Ossuary)
  4 hounds
  6 orc priests
  Natasha (thrice) (D:4)
  An iguana (D:6)
  12 orc wizards
  2 mummies (Ossuary)
  3 adders
  8 gnolls (D:9)
  A shadow imp (D:7)
  2 adder zombies (Ossuary)
  2 worms (D:2)
  24 orcs
  5 ball pythons
  5 bats
  7 endoplasms
  5 giant cockroaches
  6 goblins
  8 hobgoblins
  2 jackals (D:1)
  3 quokkas
  6 frilled lizards
  2 goblin zombies (Ossuary)
  8 hobgoblin zombies (Ossuary)
  17 kobolds
  7 kobold zombies (Ossuary)
  10 orc zombies (Ossuary)
  5 rats
  A rat zombie (Ossuary)
269 creatures vanquished.

Vanquished Creatures (collateral kills)
  A yak (D:9)
  Edmund (D:4)
  Jessica (D:2)
  A white imp (D:5)
  An ufetubus (D:4)
  2 orcs
7 creatures vanquished.

Vanquished Creatures (others)
  A wight (D:7)
  6 plants (D:6)
7 creatures vanquished.

Grand Total: 283 creatures vanquished

Notes
Turn   | Place    | Note
-------+----------+-------------------------------------------
     0 | D:1      | frimble the Demonspawn Earth Elementalist began the quest
                  | for the Orb.
     0 | D:1      | Reached XP level 1. HP: 13/13 MP: 3/3
   162 | D:1      | Reached skill level 1 in Fighting
   318 | D:1      | Gained mutation: A weak demonic guardian rushes to your
                  | aid. [demonic ancestry]
   318 | D:1      | Reached XP level 2. HP: 19/21 MP: 3/5
   476 | D:1      | Found Imomed's Weapon Boutique.
  1160 | D:2      | Gained mutation: You may rarely emit foul miasma when
                  | damaged in melee. [demonic ancestry]
  1160 | D:2      | Reached XP level 3. HP: 20/27 MP: 6/6
  1254 | D:2      | Reached skill level 1 in Short Blades
  1396 | D:2      | Learned a level 3 spell: Frozen Ramparts
  1596 | D:2      | Noticed Jessica
  1600 | D:2      | Killed Jessica
  1601 | D:2      | Reached skill level 1 in Ice Magic
  1601 | D:2      | Reached XP level 4. HP: 28/33 MP: 7/7
  1925 | D:2      | Found a faded altar of an unknown god.
  2038 | D:2      | Identified a scroll of acquirement
  2038 | D:2      | Acquired the +3 pair of boots of Infinity {Fly Str+3 SInv}
  2549 | D:3      | Found a burning altar of Makhleb.
  2867 | D:3      | Reached skill level 2 in Short Blades
  2979 | D:3      | Learned a level 1 spell: Apportation
  2982 | D:3      | Learned a level 2 spell: Passwall
  2991 | D:4      | Noticed Natasha
  3004 | D:4      | Killed Natasha
  3114 | D:4      | Gained mutation: You have a pair of small horns on your
                  | head. [demonic ancestry]
  3114 | D:4      | Reached XP level 5. HP: 38/38 MP: 8/8
  3129 | D:4      | Noticed Natasha
  3158 | D:4      | Killed Natasha
  3174 | D:5      | Entered Level 5 of the Dungeon
  3463 | D:4      | Noticed Natasha
  3478 | D:4      | Killed Natasha
  3479 | D:4      | Reached skill level 3 in Short Blades
  3480 | D:4      | Noticed a phantom
  3558 | D:4      | Killed a phantom
  3559 | D:4      | Reached XP level 6. HP: 28/44 MP: 3/9
  3684 | D:4      | Noticed Edmund
  3704 | D:4      | Killed Edmund
  3705 | D:4      | Reached skill level 4 in Short Blades
  4045 | D:4      | Gained mutation: You sometimes emit foul miasma when
                  | damaged in melee. [demonic ancestry]
  4045 | D:4      | Reached XP level 7. HP: 38/50 MP: 3/10
  4328 | D:4      | Found a sacrificial altar of Ru.
  4368 | D:4      | Found a stormy altar of Qazlal.
  4944 | D:5      | Found a bloodstained altar of Trog.
  5363 | D:6      | Reached skill level 5 in Short Blades
  5363 | D:6      | Reached skill level 5 in Ice Magic
  5687 | D:6      | Found a sand-covered staircase.
  5692 | Ossuary  | Entered an ossuary
  5830 | Ossuary  | Reached XP level 8. HP: 40/56 MP: 11/11
  5926 | Ossuary  | Reached skill level 6 in Short Blades
  6238 | D:6      | Found a staircase to the Ecumenical Temple.
  6256 | Temple   | Entered the Ecumenical Temple
  6280 | Temple   | Became a worshipper of Cheibriados the Contemplative
  6935 | D:7      | Reached skill level 7 in Short Blades
  7033 | D:7      | Identified the +2 leather armour of the Villain {+Blink rC+
                  | Str+3}
  7183 | D:7      | Gained mutation: You have a pair of horns on your head.
                  | [demonic ancestry]
  7183 | D:7      | Reached XP level 9. HP: 36/61 MP: 7/12
  7561 | D:8      | Reached * piety under Cheibriados
  7726 | D:8      | Found a sparkling altar of Nemelex Xobeh.
  7795 | D:8      | Reached skill level 8 in Short Blades
  8725 | D:8      | Reached skill level 5 in Fighting
  9033 | D:8      | Found Jeburai's Distillery.
  9036 | D:8      | Bought a potion of degeneration for 13 gold pieces
  9037 | D:8      | Bought a potion of ambrosia for 104 gold pieces
  9037 | D:8      | Bought a potion of cancellation for 104 gold pieces
  9037 | D:8      | Bought a potion of heal wounds for 65 gold pieces
  9037 | D:8      | Bought a potion of heal wounds for 65 gold pieces
  9296 | D:8      | Reached ** piety under Cheibriados
  9312 | D:8      | Reached XP level 10. HP: 67/74 MP: 9/13
 10015 | D:7      | Learned a level 2 spell: Blink
 10228 | D:9      | Noticed Pikel
 10454 | D:9      | Killed Pikel
 10455 | D:9      | Reached skill level 9 in Short Blades
 10455 | D:9      | Reached skill level 5 in Dodging
 10586 | D:9      | HP: 1/77 [wraith (9)]
 10659 | D:9      | Found an iron altar of Okawaru.
 11188 | D:9      | Reached *** piety under Cheibriados
 11203 | D:9      | Noticed a two-headed ogre
 11356 | D:9      | Killed a two-headed ogre
 11562 | D:9      | Paralysed by a gnoll for 4 turns
 11762 | D:10     | Entered Level 10 of the Dungeon
 11809 | D:10     | Noticed Josephine
 11828 | D:10     | Reached skill level 1 in Transmutations
 11850 | D:10     | Killed Josephine
 11851 | D:10     | Gained mutation: You are partially covered in rugged brown
                  | scales. (AC +1, +3% HP) [demonic ancestry]
 11851 | D:10     | Reached XP level 11. HP: 49/86 MP: 14/14
 12030 | D:10     | Noticed a two-headed ogre
 12035 | D:10     | Killed a two-headed ogre
 12036 | D:10     | Reached skill level 10 in Short Blades
 12180 | D:10     | Noticed Nergalle
 12202 | D:10     | Killed Nergalle
 12203 | D:10     | Reached skill level 1 in Evocations
 12355 | D:10     | Found a staircase to the Orcish Mines.
 12601 | D:10     | Found a shimmering blue altar of Sif Muna.
 12800 | D:10     | Noticed Joseph
 12815 | D:10     | Killed Joseph
 13101 | D:10     | Reached **** piety under Cheibriados
 13275 | D:11     | Noticed a two-headed ogre
 13283 | D:11     | Killed a two-headed ogre
 13284 | D:11     | Reached skill level 5 in Earth Magic
 13360 | D:11     | Found a snail-covered altar of Cheibriados.
 13535 | D:11     | Noticed a two-headed ogre
 13552 | D:11     | Killed a two-headed ogre
 13682 | D:11     | Noticed a storm dragon
 13682 | D:11     | Noticed a green ugly thing
 13683 | D:11     | Noticed a yaktaur captain
 13685 | D:11     | Noticed a deep elf pyromancer
 13703 | D:11     | Killed a green ugly thing
 14191 | D:12     | Noticed a centaur warrior
 14200 | D:12     | Killed a centaur warrior
 14261 | D:12     | Noticed a boulder beetle
 14289 | D:12     | Killed a boulder beetle
 14384 | D:12     | Gained mutation: You frequently emit foul miasma when
                  | damaged in melee. [demonic ancestry]
 14384 | D:12     | Reached XP level 12. HP: 72/96 MP: 15/15
 14642 | D:12     | Noticed a boulder beetle
 14665 | D:12     | Killed a boulder beetle
 14666 | D:12     | Reached skill level 5 in Stealth
 15295 | D:13     | Acquired a +5 quick blade
 15336 | D:13     | Noticed Urug
 15361 | D:13     | Killed Urug
 15361 | D:13     | Reached ***** piety under Cheibriados
 15397 | D:13     | Slain by a white ugly thing

Illustrated notes

Levels and vault maps discovered:
D:1:      wander_arrival_chamber, layout_basic, serial_shops, shop,
          kennysheep_flooded_box, nicolae_titane
D:2:      layout_loops_cross, hellmonk_ecumenical_altar_pennies_from_heaven,
          uniq_jessica
D:3:      layout_loops_corners, mainiacjoe_overflow_alcove_1
D:4:      layout_cave_pools, mainiacjoe_overflow_two_lobes,
          kennysheep_nondescript, uniq_edmund, uniq_natasha
D:5:      layout_rooms, general_overflow_altar, amethyst_killhole
D:6:      layout_cave_pools, minmay_temple_entry_junction, enter_ossuary_2,
          serial_bayou_lagoon_b
D:7:      layout_rooms, corexii_leaking_fountain
D:8:      layout_layer_cave, nemelex_spade_bored_becter, serial_shops,
          nicolae_shop_behind_doors
D:9:      layout_cave_pools, nicolae_overflow_crystal_walls, uniq_pikel
D:10:     layout_roguey, good_gods_mini_temple, lemuel_blue_sif_altar,
          orc_0_dummy, uniq_josephine, uniq_joseph, uniq_nergalle
D:11:     minmay_glassy_protrusions, layout_small_grid, lair_entry_dummy,
          cheibriados_altar_1
D:12:     layout_irregular_city, minmay_misc_feat_rugged
D:13:     layout_roguey, david_vaults_5, gauntlet_entry_generic,
          nicolae_shop_unique_rings, nicolae_burly_brawl, uniq_azrael,
          uniq_urug, uniq_maurice
Temple:   chequers_temple_sunken

Skill      XL: |  1  2  3  4  5  6  7  8  9 10 11 12 |
---------------+-------------------------------------+-----
Fighting       | 1 2 5 7 8 9 |  9.4
Earth Magic    | 3 5 |  5.8
Short Blades   | 1 2 3 4 5 7 8 9 10 | 10.0
Ice Magic      | 1 3 4 5 7 |  7.1
Dodging        | 4 6 |  6.0
Transmutations | 2 4 |  4.7
Evocations     | 4 |  4.2
Stealth        | 3 6 |  6.0
Spellcasting   | |  2.0

Action                   |  1- 3 |  4- 6 |  7- 9 | 10-12 || total
-------------------------+-------+-------+-------+-------++-------
Melee: Unarmed           |     2 |       |       |       ||     2
       Dagger            |    45 |   163 |   394 |   494 ||  1096
       Punch             |       |     1 |     7 |     9 ||    17
       Headbutt          |       |    19 |   100 |   153 ||   272
       Quick blade       |       |       |       |    54 ||    54
 Cast: Sandblast         |    18 |    17 |    16 |       ||    51
       Frozen Ramparts   |       |     2 |     6 |     3 ||    11
Evoke: Wand              |       |       |     5 |     8 ||    13
  Use: Scroll            |       |     5 |    10 |     7 ||    22
       Potion            |       |       |     1 |     3 ||     4
 Stab: Sleeping          |     4 |     3 |     1 |     5 ||    13
       Distracted        |       |     1 |     6 |    11 ||    18
Armor: Robe              |    17 |    67 |   107 |     2 ||   193
       Steam dragon scal |       |       |       |   116 ||   116
       Troll leather arm |       |       |       |     6 ||     6
Dodge: Dodged            |    30 |   106 |   157 |   243 ||   536
Block: Other             |       |       |    67 |    82 ||   149
       Reflection        |       |       |       |     2 ||     2

Table legend: (Time is in decaauts)
 A = Elapsed time spent in this place.
 B = Non-inter-level travel time spent in this place.
 C = Inter-level travel time spent in this place.
 D = Time resting spent in this place.
 E = Time spent auto-exploring this place.
 F = Levels seen in this place.
 G = Mean time per level.
                   A        B        C        D        E       F      G
               +--------+--------+--------+--------+--------+-----+--------+
         Total |  16999 |  16460 |    539 |   1520 |  12572 |  15 | 1133.3 |
       Dungeon |  16521 |  15990 |    531 |   1520 |  12312 |  13 | 1270.8 |
        Temple |     32 |     24 |      8 |      0 |     13 |   1 |   32.0 |
       Ossuary |    446 |    446 |      0 |      0 |    247 |   1 |  446.0 |
               +--------+--------+--------+--------+--------+-----+--------+

Top non-repeatable levels by time:
     D:8: 3105 daAuts
    D:10: 2072 daAuts
    D:12: 1784 daAuts
     D:6: 1388 daAuts
     D:9: 1305 daAuts
     D:4: 1211 daAuts
     D:1: 1165 daAuts
     D:7: 1120 daAuts
     D:3: 944 daAuts
     D:2: 893 daAuts
     D:5: 855 daAuts
    D:11: 581 daAuts
 Ossuary: 446 daAuts
    D:13: 92 daAuts
  Temple: 32 daAuts
